 Dungeon Crawl Stone Soup version 0.17.1-1-g73c8601 (webtiles) character file.

1051 PossumBlood the Basher (level 8, 0/64 HPs)
             Began as a Minotaur Fighter on Jan 7, 2016.
             Killed by divine providence
             ... invoked by an orc priest
              (13 damage)
             ... on level 5 of the Dungeon.
             The game lasted 00:13:05 (3188 turns).

PossumBlood the Basher (Minotaur Fighter)           Turns: 3188, Time: 00:13:05

Health: 0/64       AC: 13    Str: 22    XL:     8   Next: 5%
Magic:  7/7        EV:  5    Int:  5    God:
Gold:   274        SH:  9    Dex: 11    Spells: 0 memorised, 7 levels left

rFire  . . .     SeeInvis .     a - +0 flail
rCold  . . .     Clarity  .     t - +1 plate armour
rNeg   . . .     SustAt   .     c - +0 shield
rPois  .         Gourm    .     (helmet restricted)
rElec  .         Spirit   .     (no cloak)
rCorr  .         Warding  .     y - +0 pair of gloves
rMut   .         Rnd*Tele +     (no boots)
MR     .....                    (no amulet)
Stlth  ..........               s - ring of teleportation (curse)
                                g - +1 ring of evasion

@: lethally poisoned (0 -> -5), not resistant to hostile enchantments, extremely
unstealthy
A: retaliatory headbutt, horns 2
a: Evoke Teleportation


You were on level 5 of the Dungeon.
You were not hungry.

You visited 1 branch of the dungeon, and saw 5 of its levels.

You collected 274 gold pieces.

Inventory:

Hand Weapons
 a - a +0 flail (weapon)
 d - a +0 hand axe of flaming
 x - a +1 war axe of freezing
Missiles
 o - 10 tomahawks (quivered)
Armour
 c - a +0 shield (worn)
 t - a +1 plate armour (worn)
 y - a +0 pair of gloves (worn)
Jewellery
 g - a +1 ring of evasion (left hand)
 s - a cursed ring of teleportation (right hand)
 B - an uncursed ring of ice
Wands
 r - a wand of teleportation (3)
 u - a wand of confusion (19)
Scrolls
 k - 2 scrolls of fog
 q - a scroll of fear
 z - a scroll of teleportation
 A - a scroll of identify
Potions
 b - 2 potions of agility
 f - 3 potions of lignification
 h - a potion of flight
 j - a potion of resistance
 l - a potion of curing
 n - 3 potions of haste
 p - a potion of magic {unknown}
 v - a potion of degeneration {unknown}
Comestibles
 e - 8 bread rations
 i - 3 beef jerkies
 m - a fruit
 w - 4 meat rations


   Skills:
 - Level 3.6 Fighting
 * Level 11.3 Maces & Flails
 - Level 3.6 Armour
 - Level 3.6 Shields


You had 7 spell levels left.
You didn't know any spells.

Dungeon Overview and Level Annotations

Branches:
Dungeon (5/15)
 Temple: D:4-7

Altars:
Sif Muna
Xom
Yredelemnul


Innate Abilities, Weirdness & Mutations

You reflexively headbutt those who attack you in melee.
You have a pair of horns on your head.


Message History

The hound zombie barely misses you.
The hound zombie bites you but does no damage.
You hit the scorpion.
The scorpion is heavily wounded.
You block the scorpion's attack. The hound zombie bites you.
The orc priest mumbles some strange prayers to Beogh against you.
Something smites you! The scorpion stings you.
* * * LOW HITPOINT WARNING * * *
You are poisoned.
The scorpion poisons you!
You sock the scorpion!
You kill the scorpion!
You feel sick.
The hound zombie bites you but does no damage.
You hit the orc priest.
The orc priest is lightly wounded.
You feel sick. You block the hound zombie's attack.
The orc priest mumbles some strange prayers to Beogh against you.
Something smites you!
You die...

.........)...#
.###########.# .# #.#
.###### #.# ......#
#.##### .....># #.#...#
......## #.#.#.#
.###...#####.#.#.##.#.##
..........(.....@o......
.###...#######.#Z##.#.##
.# #...# #.#... .# #...#
#.##### .# #...# #.. .#
##.## ### .# #.# ## #.#
...


You could see an orc priest and a hound zombie.

Vanquished Creatures
  The ghost of Clownie the Charmwright, an amateur DsSk (D:5)
  A sky beast (D:5)
  The ghost of Musteatbrain the Skirmisher, an amateur DsFi (D:3)
  A phantom (D:4)
  A scorpion (D:5)
  A crimson imp (D:5)
  Jessica (D:2)
  2 orc priests
  5 orc wizards
  A worker ant (D:4)
  A centaur skeleton (D:5)
  A hound skeleton (D:5)
  4 gnolls (D:4)
  5 adders
  4 oozes
  7 worms
  2 giant geckos
  20 orcs
  11 bats
  8 giant cockroaches
  9 hobgoblins
  9 jackals
  12 kobolds
  2 quokkas
  2 ball pythons
  8 giant newts
  9 goblins
  A quokka skeleton (D:4)
  6 rats
136 creatures vanquished.

Notes
Turn   | Place    | Note
--------------------------------------------------------------
     0 | D:1      | PossumBlood the Minotaur Fighter began the quest for the Orb.
     0 | D:1      | Reached XP level 1. HP: 19/19 MP: 0/0
   204 | D:1      | Reached XP level 2. HP: 20/26 MP: 1/1
   273 | D:1      | Reached skill level 4 in Maces & Flails
   424 | D:1      | Reached XP level 3. HP: 31/31 MP: 2/2
   635 | D:2      | Noticed Jessica
   642 | D:2      | Killed Jessica
   642 | D:2      | Reached skill level 5 in Maces & Flails
   675 | D:2      | Reached XP level 4. HP: 39/39 MP: 3/3
  1226 | D:2      | Reached skill level 6 in Maces & Flails
  1384 | D:2      | Found a faded altar to an unknown god.
  1610 | D:3      | Reached XP level 5. HP: 45/45 MP: 4/4
  1673 | D:3      | Found a shimmering altar of Xom.
  1874 | D:3      | Noticed Musteatbrain's ghost (amateur DsFi)
  1883 | D:3      | Reached skill level 7 in Maces & Flails
  1887 | D:3      | Killed Musteatbrain's ghost
  1887 | D:3      | Reached XP level 6. HP: 44/51 MP: 5/5
  1933 | D:3      | Reached skill level 8 in Maces & Flails
  2315 | D:4      | Found a basalt altar of Yredelemnul.
  2701 | D:4      | Reached skill level 9 in Maces & Flails
  2701 | D:4      | Reached XP level 7. HP: 46/57 MP: 6/6
  2776 | D:4      | Found a deep blue altar of Sif Muna.
  2944 | D:5      | Entered Level 5 of the Dungeon
  3014 | D:5      | Noticed Clownie's ghost (amateur DsSk)
  3025 | D:5      | Killed Clownie's ghost
  3025 | D:5      | Reached skill level 10 in Maces & Flails
  3141 | D:5      | Reached skill level 11 in Maces & Flails
  3183 | D:5      | Reached XP level 8. HP: 32/64 MP: 7/7
  3188 | D:5      | Killed from afar by an orc priest

Action                   |  1- 3 |  4- 6 |  7- 9 || total
-------------------------+-------+-------+-------++-------
Melee: Flail             |    74 |   214 |    63 ||   351
  Use: Scroll            |     6 |     8 |     1 ||    15
       Potion            |       |     1 |       ||     1
  Eat: Fruit             |       |     4 |       ||     4
       Bread ration      |       |     1 |       ||     1
